Workbook
Name Print_Area_MI: #REF!
Name TypeofIndirectRate.: 'Indirect Cost Drop Down'!$A$1:$A$4

Sheet Instructions
A1: Service Category Tabs | D1: Service Category Sheet Step-by-Step Instructions | H1: Budget Summary Sheet Step-by-Step Instructions
D4: Personnel/Direct Care Cost:
A5: 1. | B5: Open the tab that corresponding ONLY to the approved service category(ies) for your agency. | D5: 1. | E5: Column B: Salary, Column C: FTE, Column D: Name, Column E: Position, and Column F: Justification. | H5: This sheet pulls overall totals from across all service categories. The only information that needs to be manually entered into this sheet is Program Income (Row 15) and Total Award Amount (B18).
A6: 2. | B6: Enter Subrecipient name at the top. | D6: 2. | E6: Column G contains formulas that will create budget amounts for personnel by multiplying Column B: Salary and Column C: FTE.
A7: 3. | B7: Enter budget line item information and justification in the spaces provided.
A8: 4. | B8: Refer to help tab for adding or hiding spaces as necessary. | D8: 3. | E8: Personnel Total: contains a formula that sums up all the personnel/direct care cost lines on budget. This will be shown on the Budget Summary Sheet under “a. Personnel” (Row 8) for each service category. | G8: 1. | H8: Type in the Subrecipient Name at the top
A9: 5. | B9: Formulas are included in cells for totals - check for accuracy but do not overwrite | G9: 2. | H9: Confirm line item subtotals for your services categories- DO NOT OVERWRITE - these are pulled directly from the service category tabs. If you need to make an edit, make the edit on the service category tab.
D10: Fringe Benefits -
D11: 1. | E11: Enter in Column B: The current Fringe Rate (%) for your agency. | G11: 3. | H11: Manually type in sum of total awards for all service categories in cell B18.
E12: a. Attach a copy of the fringe rate certificate or fringe rate calculation/methodology | G12: 4. | H12: Check that this matches totals in Cell O14
D13: 2. | E13: Enter in Columns C-F: The Components of your Fringe Rate. | G13: 5. | H13: If it does not match, go back and check each tab for the funded service categories and ensure accurate input.
D14: 3. | E14: Column G has a formula to compute the budgeted amount for fringe based on the “Fringe Rate” (Column B) and the “Personnel Total”.
H15: Where all other values come from…
D16: 4. | E16: Fringe Benefit Total: has a formula that calculates the total budgeted among allotted for fringe benefits. This will be shown on the Budget Summary Sheet under “b. Fringe Benefits” (Row 9) for each service category. | H16: Columns represent service categories and their respective funding stream (Part A or Minority AIDS Initiative (MAI).
D18: Other Direct Care Cost | H18: “a. Personnel” (Row 8) is automatically uploaded from “Personnel Total” on each service category sheet.
D19: 1. | E19: Enter in Columns B-E: All Other Direct Care Cost.
E20: a. Enter costs for: travel, supplies, consultants, training, etc. in this section. | H20: “b. Fringe Benefits” (Row 9) is automatically uploaded from “Fringe Benefit Total” on each service category sheet.
D21: 2. | E21: Enter in Column F: Justifications for all Other Direct Care Cost items.
D22: 3. | E22: Please Note: Travel, Supplies, Contractual/Consultant costs must also be itemized in their respective sections. | H22: “c. Other Direct Care” (Row 10) is automatically uploaded from “Other Direct Care Cost Total” on each service category sheet.
D24: 4. | E24: Enter in Column G: the Budgeted Amount for these items. | H24: “Direct Charges” is automatically uploaded as the sum of “a. Personnel” (Row 8) and “c. Other Direct Care” (Row 10) per service category
D25: 5. | E25: Other Direct Care Cost Total: has a formula to calculate the sum of the “Other Direct Care Costs Total.
D26: Local Travel | H26: “Indirect Charges” is automatically uploaded from the “Total Indirect/Admin Charge” on each service category sheet.
D27: 1. | E27: Enter in Column B: Mileage Rate, Column C: Number of Miles, Column D: the Names of Travelers, Column E: the Position of Travelers, Column F: the Justification for Travel.
H28: “Service Total” is the sum of “Direct Charges” (Row 12) and “Indirect Charges” (Row 13).
D29: 2. | E29: Column G has formula to calculate budget amount based on the “Mileage Rate” (Column B) and the “Number of Miles” travelled (Column C). | H29: Column O has a formula to calculate the total budget amount for each cost category on the budget for all service categories.
D31: 3. | E31: Local Travel Sub-Total: has a formula to calculate the sum of all local travels.
D32: Long Distance Travel
D33: 1. | E33: Enter in Columns B-C: Type of Travel, Column D: Name of Travelers, Column E: Position of Travelers, Column F: Justification for Travel, and Column G: Budgeted Amount for Travel.
E35: a. Long Distance Travel Sub-Total has a formula to calculate the sum of all long distance travel.
D36: 2. | E36: Total Travel: has a formula that computes the sum of both Local and Long-Distance Travel. This amount must equal the amount for travel costs in the Other Direct Care Cost section.
D38: Supplies
D39: 1. | E39: Enter in Columns B-E: List of Supplies, Column F: the Justification, and Column G: Budgeted Amount.
D40: 2. | E40: Supplies Total: has a formula to calculate the total amount for Supplies.
D41: Contractual/Consultants
D42: 1. | E42: Enter in Columns B-C: Type of Contract, Column D: Name of Contractor/Consultant, Column E: Deliverables from these services, Column F: Justification for these services, and Column G: Budgeted Amount.
D44: 2. | E44: Contracts Total: has a formula to calculate the sum of all Contractual/Consultant Services.
D45: Other: any other budgeted items that do not fit into above categories
D46: 1. | E46: Enter in Columns B-E: Budget Items, Column F: Justification for these items, and Column G: Budgeted Amount.
D48: 2. | E48: Other Costs Total: has a formula to calculate the sum of these “Other” items
D49: Total Direct Care Cost:
D50: 1. | E50: Total Direct Care Cost includes the costs of personnel, fringe and all other direct care.
D51: 2. | E51: The total Direct Care Cost per service category will be listed in row 10 (c. Other Direct Care) of the Budget Summary Sheet.
D53: Indirect Cost *
D54: 1. | E54: Enter in Column B-C: The type of indirect cost. Select from drop down menu.
E55: a. Attach a copy of the indirect rate certificate.
D56: 2. | E56: Enter in Column D: The current HHS approved indirect rate (%) for your agency. As a reminder rate is capped at 10% for this grant.
D58: 3. | E58: Enter in Column E-F: Any relevant description.
D59: 4. | E59: Total Indirect Rate: has a formula to compute the budgeted amount for indirect based on the “Indirect Rate” (Column D) and the “Total Direct Care Cost”.
D61: Administrative Cost *
D62: 1. | E62: Enter in Column B-E: All administrative costs (itemize all administrative costs)
D63: 2. | E63: Enter in Column F: Justifications for all administrative Costs.
D64: 3. | E64: Enter in Column G: the Budgeted Amount for all the administrative costs.
D65: 4. | E65: Total Administrative Cost: has a formula to calculate the sum of all the administrative costs.
D66: 5. | E66: Total Indirect/Admin Charge: has a formula that computes the sum of both Indirect and Administrative costs. As a reminder subrecipient can have indirect or administrative costs not both.
D68: 6. | E68: Total Indirect Charge per service category will be listed in row 13 of the Budget Summary Sheet.
D69: * | E69: The 10% administrative cost is not the same as the 10% de minimis indirect cost. The 10% de minimis indirect cost rate may be used by any non-federal entity that has never received a negotiated indirect cost rate. The 10% de minimis rate must only be used to pay for overhead costs that are not directly charged to federal awards. If all costs are charged directly to the federal award (e.g., space costs, utility, and administrative costs), then the recipient should not also charge the 10% de minimis rate. When applying the de minimis rate, costs must be consistently charged as either direct or indirect costs and may not be double charged or inconsistently charged as both. The de minimis rate does not require documentation to justify its use.
D74: Service Total
D75: 1. | E75: Service Category Total: has a formula to calculate the sum of "Total Direct Care Cost" and "Total Indirect/Admin Charge".
D77: 2. | E77: Service Total will be listed in row 14 of the Budget Summary Sheet.
D85: *

Sheet HELP
A1: Help
A4: Formatting Tips
A5: 1. | B5: Object Class Categories of the line item budgets contain hidden rows
A6: 2. | B6: Column A identifies the location where rows have been hidden
A7: 3. | B7: Keep unused rows hidden to avoid creating unnecessary additional pages for your budget narrative
A8: 4. | B8: Formulas are included in the workbook, use caution if you add or delete rows
A10: Unhidden Rows
A11: 1. | B11: Identify where additional rows have been hidden in the worksheet
A12: 2. | B12: Select the row labeled "Unhide rows” and the row directly below
A13: 3. | B13: While both rows are highlighted, right click, and select "Unhide"
A15: Hidden Rows
A16: 1. | B16: Identify the excess rows that you want to hide in the worksheet
A17: 2. | B17: Select all consecutive rows you want to hide
A18: 3. | B18: While the rows are highlighted, right click and select "Hide"
A20: Hidden Worksheet (tabs)
A21: 1. | B21: Identify the worksheet tab you want to hide
A22: 2. | B22: Right click on the worksheet tab and select "Hide"
A24: Unhidden Worksheets (tabs)
A25: 1. | B25: Right-click on any worksheet tab, which opens a context menu.
A26: 2. | B26: Click "Unhide" to open the Dialog Box, which displays all the hidden worksheets.
A27: 3. | B27: Click on the worksheet to be unhidden
A28: 4. | B28: Click "OK" to unhide the selected worksheet

Sheet Budget Summary
B2: RWHAP PART A BUDGET SUMMARY
B3: SUBRECIPIENT: XXXXXXXX
B4: FISCAL YEAR: 2026
C6: Part A | L6: Minority AIDS Initiative (MAI) | P6: Total
B7: COST CATEGORY | C7: ADAP | D7: Case Management - Medical | E7: Case Management - Non-Medical | F7: Emergency Financial Assistant | G7: Food Bank/Home Delivered Meals | H7: Housing Services | I7: Medical Nutrition Therapy | J7: Medical Transportation | K7: Psychosocial Support Services | L7: Case Management - Medical | M7: Case Management - Non-Medical | N7: Psychosocial Support Services | O7: Other Professional Services-Legal
B8: a. Personnel | C8: =ADAP!G68 -> 0 | D8: ='Case Management-Medical'!G68 -> 0 | E8: ='Case Management-Non-Medical'!G68 -> 0 | F8: ='Emergency Financial Assistance'!G68 -> 0 | G8: ='Food Bank-Home Delivered Meals'!G68 -> 0 | H8: ='Housing Services'!G68 -> 0 | I8: ='Medical Nutrition Therapy'!G68 -> 0 | J8: ='Medical Transportation'!G68 -> 0 | K8: ='Psychosocial Support Services'!G68 -> 0 | L8: ='Medical Case Management-MAI'!G68 -> 0 | M8: ='Medical CM-Non Medical-MAI'!G68 -> 0 | N8: ='Psychosocial Support Serv.-MAI'!G68 -> 0 | O8: ='OPS-Legal-MAI '!G68 -> 0 | P8: =SUM(C8:O8) -> 0
B9: b. Fringe Benefits | C9: =ADAP!G74 -> 0 | D9: ='Case Management-Medical'!G74 -> 0 | E9: ='Case Management-Non-Medical'!G74 -> 0 | F9: ='Emergency Financial Assistance'!G74 -> 0 | G9: ='Food Bank-Home Delivered Meals'!G74 -> 0 | H9: ='Housing Services'!G74 -> 0 | I9: ='Medical Nutrition Therapy'!G74 -> 0 | J9: ='Medical Transportation'!G74 -> 0 | K9: ='Psychosocial Support Services'!G74 -> 0 | L9: ='Medical Case Management-MAI'!G74 -> 0 | M9: ='Medical CM-Non Medical-MAI'!G74 -> 0 | N9: ='Psychosocial Support Serv.-MAI'!G74 -> 0 | O9: ='OPS-Legal-MAI '!G74 -> 0 | P9: =SUM(C9:O9) -> 0
B10: c. Other Direct Care | C10: =ADAP!G89 -> 0 | D10: ='Case Management-Medical'!G89 -> 0 | E10: ='Case Management-Non-Medical'!G89 -> 0 | F10: ='Emergency Financial Assistance'!G89 -> 0 | G10: ='Food Bank-Home Delivered Meals'!G89 -> 0 | H10: ='Housing Services'!G89 -> 0 | I10: ='Medical Nutrition Therapy'!G89 -> 0 | J10: ='Medical Transportation'!G89 -> 0 | K10: ='Psychosocial Support Services'!G89 -> 0 | L10: ='Medical Nutrition Therapy'!G89 -> 0 | M10: ='Medical CM-Non Medical-MAI'!G89 -> 0 | N10: ='Psychosocial Support Serv.-MAI'!G89 -> 0 | O10: ='OPS-Legal-MAI '!G89 -> 0 | P10: =SUM(C10:O10) -> 0
B12: Direct Charges | C12: =SUM(C8:C10) -> 0 | D12: =SUM(D8:D10) -> 0 | E12: =SUM(E8:E10) -> 0 | F12: =SUM(F8:F10) -> 0 | G12: =SUM(G8:G10) -> 0 | H12: =SUM(H8:H10) -> 0 | I12: =SUM(I8:I10) -> 0 | J12: =SUM(J8:J10) -> 0 | ... O12: =SUM(O8:O10) -> 0 | P12: =SUM(C12:O12) -> 0
B13: Indirect Charges | C13: =ADAP!G178 -> 0 | D13: ='Case Management-Medical'!G178 -> 0 | E13: ='Case Management-Non-Medical'!G178 -> 0 | F13: ='Emergency Financial Assistance'!G178 -> 0 | G13: ='Food Bank-Home Delivered Meals'!G178 -> 0 | H13: ='Housing Services'!G178 -> 0 | I13: ='Medical Nutrition Therapy'!G178 -> 0 | J13: ='Medical Transportation'!G178 -> 0 | K13: ='Psychosocial Support Services'!G178 -> 0 | L13: ='Medical Case Management-MAI'!G178 -> 0 | M13: ='Medical CM-Non Medical-MAI'!G178 -> 0 | N13: ='Psychosocial Support Serv.-MAI'!G178 -> 0 | O13: ='OPS-Legal-MAI '!G178 -> 0 | P13: =SUM(C13:O13) -> 0
B14: SERVICE TOTAL | C14: =SUM(C12:C13) -> 0 | D14: =SUM(D12:D13) -> 0 | E14: =SUM(E12:E13) -> 0 | F14: =SUM(F12:F13) -> 0 | G14: =SUM(G12:G13) -> 0 | H14: =SUM(H12:H13) -> 0 | I14: =SUM(I12:I13) -> 0 | J14: =SUM(J12:J13) -> 0 | ... O14: =SUM(O12:O13) -> 0 | P14: =SUM(C14:O14) -> 0
B15: Program Income (If applicable) [Enter Amount for each service your program is collecting program income for] | C15: 0 | D15: 0 | E15: 0 | F15: 0 | G15: 0 | H15: 0 | I15: 0 | J15: 0 | K15: 0 | L15: 0 | M15: 0 | N15: 0 | O15: 0 | P15: =SUM(C15:O15) -> 0
B17: FY26 Award Amount | C17: Manually Enter Amount
B18: Part A & MAI Award | C18: 0 | G18: Administrative Budget 10% | I18: =IF(P13>(C18*10%),"Over","Within Limit") -> Within Limit
B23: CAUTION | C23: Only enter program income on this worksheet. The remaining cells will populate as information is entered in the Part A and MAI worksheets.

Sheet ADAP
B2: SUBRECIPIENT:
B3: ADAP
B4: FISCAL YEAR: 2026
B6: Personnel/Direct Care Cost
B7: Salary [Insert total annual salary] | C7: FTE [Insert as decimal] | D7: Name [Insert name] | E7: Position [Insert official position title] | F7: Budget Impact Justification [Insert description of duties, impact on Ryan White Part A program goals and outcomes, payment source for balance of FTE] | G7: Amount [Cell is formula driven]
B8: 0 | C8: 0 | G8: =B8*C8 -> 0
G9: =B9*C9 -> 0
G10: =B10*C10 -> 0
A11: Unhidden Rows | G11: =B11*C11 -> 0
G12: =B12*C12 -> 0
G13: =B13*C13 -> 0
G14: =B14*C14 -> 0
G15: =B15*C15 -> 0
A16: Hidden Rows | G16: =B16*C16 -> 0
G17: =B17*C17 -> 0
G18: =B18*C18 -> 0
G19: =B19*C19 -> 0
G20: =B20*C20 -> 0
A21: Hidden Worksheet (tabs) | G21: =B21*C21 -> 0
G22: =B22*C22 -> 0
G23: =B23*C23 -> 0
G24: =B24*C24 -> 0
A25: Unhidden Worksheets (tabs) | G25: =B25*C25 -> 0
G26: =B26*C26 -> 0
G27: =B27*C27 -> 0
G28: =B28*C28 -> 0
G29: =B29*C29 -> 0
G30: =B30*C30 -> 0
G31: =B31*C31 -> 0
G32: =B32*C32 -> 0
G33: =B33*C33 -> 0
G34: =B34*C34 -> 0
G35: =B35*C35 -> 0
G36: =B36*C36 -> 0
G37: =B37*C37 -> 0
... G67: =B67*C67 -> 0
B68: Personnel Total | G68: =SUM(G8:G67) -> 0
B70: Fringe Benefits
B71: Percentage [Insert as %] | C71: Components [List components that comprise the fringe benefit rate] | G71: Amount [Cell is formula driven]
B72: 0 | G72: =B72*G$68 -> 0
G73: =B73*G$68 -> 0
B74: Fringe Benefit Total | G74: =SUM(G72:G73) -> 0
B76: Other Direct Care Cost
B77: List of Other Direct Care Cost [If other direct care cost includes costs like travel, supplies, and consultant costs, complete the additional sections for these Other Direct Care costs. See *] | F77: Budget Impact Justification [Description of need to carry out the program's objectives/goals] | G77: Amount [Insert Amount]
G78: 0
G79: 0
G80: 0
G81: 0
G82: 0
G83: 0
G84: 0
G85: 0
G86: 0
G87: 0
G88: 0
B89: Other Direct Care Cost Total | G89: =SUM(G78:G88) -> 0
B90: *Local Travel
B91: Mileage Rate | C91: Number of Miles | D91: Name of Traveler(s) | E91: Position of Traveler(s) [Insert official position title] | F91: Travel Expenses/Budget Impact Justification [Lodging, parking, per diem, etc., and the impact of the travel on program objectives/goals] | G91: Amount [Insert Amount]
G92: =B92*C$92 -> 0
G93: =B93*C$92 -> 0
G94: =B94*C$92 -> 0
G95: =B95*C$92 -> 0
A96: « Unhide rows | G96: =B96*C$92 -> 0
G97: =B97*C$92 -> 0
G98: =B98*C$92 -> 0
G99: =B99*C$92 -> 0
G100: =B100*C$92 -> 0
B101: Local Travel Sub-Total | G101: =SUM(G92:G100) -> 0
B102: *Long Distance Travel (If Applicable). Note: No international travel is allowed under this grant.
B103: Type of Travel | D103: Name of Traveler(s) | E103: Position of Traveler(s) [Insert official position title] | F103: Travel Expenses/Budget Impact Justification [Lodging, parking, per diem, etc., and the impact of the travel on program objectives/goals] | G103: Amount [Insert Amount]
G104: 0
G105: 0
G106: 0
G107: 0
G108: 0
B114: Long Distance Travel Sub-Total | G114: =SUM(G104:G111) -> 0
B115: Travel Total | G115: =SUM(G101,G114) -> 0
B117: *Supplies [Supplies is defined as property with a unit cost under $10,000. Note: Items such as laptops, tablets, and desktop computers are classified as a supply if the value is under the $10,000 threshold.]
B118: List of Supplies | F118: Budget Impact Justification [Description of need to carry out the program's objectives/goals] | G118: Amount [Insert Amount]
B129: Supplies Total | G129: =SUM(G119:G128) -> 0
B131: *Contractual/Consultant
B132: Type of Contract | D132: Name of Contractor/Consultant | E132: Deliverables | F132: Budget Impact Justification [Description of how the contract impacts the program's objectives/goals and how the costs were estimated] | G132: Amount [Insert Amount]
A137: « Unhide rows
B141: Contracts Total | G141: =SUM(G133:G140) -> 0
B143: Other [List all costs that do not fit into any other category]
B144: List of Other | F144: Budget Impact Justification [Impact on the program's objectives/goals] | G144: Amount [Insert Amount]
A148: « Unhide rows
B155: Other Costs Total | G155: =SUM(G145:G154) -> 0
B157: Total Direct Care Cost
G158: =G68+G74+G89+G155 -> 0
B160: Indirect Cost
B161: Type of Indirect Cost [Select from dropdown list] | D161: Rate [Insert rate below/rate is capped at 10%] | E161: Insert Base | G161: Total Indirect [Formula Driven]
D162: 0 | E162: Explain | G162: =D162*G158 -> 0
B164: Administrative Cost [Subrecipient administrative activities include usual and recognized overhead activities, including established indirect rates for agencies.]
B165: List of Administrative Cost [Only if the subrecipient does not have an HHS Indirect Approved Rate] | F165: Budget Impact Justification [Description of need to carry out the program's objectives/goals] | G165: Amount [Insert Amount]
A166: « Unhide rows
B175: Total Administrative Cost | G175: =SUM(G166:G174) -> 0
B177: Total Indirect/Admin Charge
G178: =SUM(G162,G175) -> 0
B180: ADAP Service Total
...

Sheet Case Management-Medical
B2: SUBRECIPIENT:
B3: MEDICAL CASE MANAGEMENT
B4: FISCAL YEAR: 2026
B6: Personnel/Direct Care Cost
B7: Salary [Insert total annual salary] | C7: FTE [Insert as decimal] | D7: Name [Insert name] | E7: Position [Insert official position title] | F7: Budget Impact Justification [Insert description of duties, impact on Ryan White Part A program goals and outcomes, payment source for balance of FTE] | G7: Amount [Cell is formula driven]
B8: 0 | C8: 0 | G8: =B8*C8 -> 0
G9: =B9*C9 -> 0
G10: =B10*C10 -> 0
A11: Unhidden Rows | G11: =B11*C11 -> 0
G12: =B12*C12 -> 0
G13: =B13*C13 -> 0
G14: =B14*C14 -> 0
G15: =B15*C15 -> 0
A16: Hidden Rows | G16: =B16*C16 -> 0
G17: =B17*C17 -> 0
G18: =B18*C18 -> 0
G19: =B19*C19 -> 0
G20: =B20*C20 -> 0
A21: Hidden Worksheet (tabs) | G21: =B21*C21 -> 0
G22: =B22*C22 -> 0
G23: =B23*C23 -> 0
G24: =B24*C24 -> 0
A25: Unhidden Worksheets (tabs) | G25: =B25*C25 -> 0
G26: =B26*C26 -> 0
G27: =B27*C27 -> 0
G28: =B28*C28 -> 0
G29: =B29*C29 -> 0
G30: =B30*C30 -> 0
G31: =B31*C31 -> 0
G32: =B32*C32 -> 0
G33: =B33*C33 -> 0
G34: =B34*C34 -> 0
G35: =B35*C35 -> 0
G36: =B36*C36 -> 0
G37: =B37*C37 -> 0
... G67: =B67*C67 -> 0
B68: Personnel Total | G68: =SUM(G8:G67) -> 0
B70: Fringe Benefits
B71: Percentage [Insert as %] | C71: Components [List components that comprise the fringe benefit rate] | G71: Amount [Cell is formula driven]
B72: 0 | G72: =B72*G$68 -> 0
G73: =B73*G$68 -> 0
B74: Fringe Benefit Total | G74: =SUM(G72:G73) -> 0
B76: Other Direct Care Cost
B77: List of Other Direct Care Cost [If other direct care cost includes costs like travel, supplies, and consultant costs, complete the additional sections for these Other Direct Care costs. See *] | F77: Budget Impact Justification [Description of need to carry out the program's objectives/goals] | G77: Amount [Insert Amount]
G78: 0
G79: 0
G80: 0
G81: 0
G82: 0
G83: 0
G84: 0
G85: 0
G86: 0
G87: 0
G88: 0
B89: Other Direct Care Cost Total | G89: =SUM(G78:G88) -> 0
B90: *Local Travel
B91: Mileage Rate | C91: Number of Miles | D91: Name of Traveler(s) | E91: Position of Traveler(s) [Insert official position title] | F91: Travel Expenses/Budget Impact Justification [Lodging, parking, per diem, etc., and the impact of the travel on program objectives/goals] | G91: Amount [Insert Amount]
G92: =B92*C$92 -> 0
G93: =B93*C$92 -> 0
G94: =B94*C$92 -> 0
G95: =B95*C$92 -> 0
A96: « Unhide rows | G96: =B96*C$92 -> 0
G97: =B97*C$92 -> 0
G98: =B98*C$92 -> 0
G99: =B99*C$92 -> 0
G100: =B100*C$92 -> 0
B101: Local Travel Sub-Total | G101: =SUM(G92:G100) -> 0
B102: *Long Distance Travel (If Applicable). Note: No international travel is allowed under this grant.
B103: Type of Travel | D103: Name of Traveler(s) | E103: Position of Traveler(s) [Insert official position title] | F103: Travel Expenses/Budget Impact Justification [Lodging, parking, per diem, etc., and the impact of the travel on program objectives/goals] | G103: Amount [Insert Amount]
G104: 0
G105: 0
G106: 0
G107: 0
G108: 0
B114: Long Distance Travel Sub-Total | G114: =SUM(G104:G111) -> 0
B115: Travel Total | G115: =SUM(G101,G114) -> 0
B117: *Supplies [Supplies is defined as property with a unit cost under $10,000. Note: Items such as laptops, tablets, and desktop computers are classified as a supply if the value is under the $10,000 threshold.]
B118: List of Supplies | F118: Budget Impact Justification [Description of need to carry out the program's objectives/goals] | G118: Amount [Insert Amount]
B129: Supplies Total | G129: =SUM(G119:G128) -> 0
B131: *Contractual/Consultant
B132: Type of Contract | D132: Name of Contractor/Consultant | E132: Deliverables | F132: Budget Impact Justification [Description of how the contract impacts the program's objectives/goals and how the costs were estimated] | G132: Amount [Insert Amount]
A137: « Unhide rows
B141: Contracts Total | G141: =SUM(G133:G140) -> 0
B143: Other [List all costs that do not fit into any other category]
B144: List of Other | F144: Budget Impact Justification [Impact on the program's objectives/goals] | G144: Amount [Insert Amount]
A148: « Unhide rows
B155: Other Costs Total | G155: =SUM(G145:G154) -> 0
B157: Total Direct Care Cost
G158: =G68+G74+G89+G155 -> 0
B160: Indirect Cost
B161: Type of Indirect Cost [Select from dropdown list] | D161: Rate [Insert rate below/rate is capped at 10%] | E161: Insert Base | G161: Total Indirect [Formula Driven]
D162: 0 | E162: Explain | G162: =D162*G158 -> 0
B164: Administrative Cost [Subrecipient administrative activities include usual and recognized overhead activities, including established indirect rates for agencies.]
B165: List of Administrative Cost [Only if the subrecipient does not have an HHS Indirect Approved Rate] | F165: Budget Impact Justification [Description of need to carry out the program's objectives/goals] | G165: Amount [Insert Amount]
A166: « Unhide rows
B175: Total Administrative Cost | G175: =SUM(G166:G174) -> 0
B177: Total Indirect/Admin Charge
G178: =SUM(G162,G175) -> 0
B180: Medical Case Management Service Total
...

Sheet Case Management-Non-Medical
B2: SUBRECIPIENT:
B3: NON-MEDICAL CASE MANAGEMENT
B4: FISCAL YEAR: 2026
B6: Personnel/Direct Care Cost
B7: Salary [Insert total annual salary] | C7: FTE [Insert as decimal] | D7: Name [Insert name] | E7: Position [Insert official position title] | F7: Budget Impact Justification [Insert description of duties, impact on Ryan White Part A program goals and outcomes, payment source for balance of FTE] | G7: Amount [Cell is formula driven]
B8: 0 | C8: 0 | G8: =B8*C8 -> 0
G9: =B9*C9 -> 0
G10: =B10*C10 -> 0
A11: Unhidden Rows | G11: =B11*C11 -> 0
G12: =B12*C12 -> 0
G13: =B13*C13 -> 0
G14: =B14*C14 -> 0
G15: =B15*C15 -> 0
A16: Hidden Rows | G16: =B16*C16 -> 0
G17: =B17*C17 -> 0
G18: =B18*C18 -> 0
G19: =B19*C19 -> 0
G20: =B20*C20 -> 0
A21: Hidden Worksheet (tabs) | G21: =B21*C21 -> 0
G22: =B22*C22 -> 0
G23: =B23*C23 -> 0
G24: =B24*C24 -> 0
A25: Unhidden Worksheets (tabs) | G25: =B25*C25 -> 0
G26: =B26*C26 -> 0
G27: =B27*C27 -> 0
G28: =B28*C28 -> 0
G29: =B29*C29 -> 0
G30: =B30*C30 -> 0
G31: =B31*C31 -> 0
G32: =B32*C32 -> 0
G33: =B33*C33 -> 0
G34: =B34*C34 -> 0
G35: =B35*C35 -> 0
G36: =B36*C36 -> 0
G37: =B37*C37 -> 0
... G67: =B67*C67 -> 0
B68: Personnel Total | G68: =SUM(G8:G67) -> 0
B70: Fringe Benefits
B71: Percentage [Insert as %] | C71: Components [List components that comprise the fringe benefit rate] | G71: Amount [Cell is formula driven]
B72: 0 | G72: =B72*G$68 -> 0
G73: =B73*G$68 -> 0
B74: Fringe Benefit Total | G74: =SUM(G72:G73) -> 0
B76: Other Direct Care Cost
B77: List of Other Direct Care Cost [If other direct care cost includes costs like travel, supplies, and consultant costs, complete the additional sections for these Other Direct Care costs. See *] | F77: Budget Impact Justification [Description of need to carry out the program's objectives/goals] | G77: Amount [Insert Amount]
G78: 0
G79: 0
G80: 0
G81: 0
G82: 0
G83: 0
G84: 0
G85: 0
G86: 0
G87: 0
G88: 0
B89: Other Direct Care Cost Total | G89: =SUM(G78:G88) -> 0
B90: *Local Travel
B91: Mileage Rate | C91: Number of Miles | D91: Name of Traveler(s) | E91: Position of Traveler(s) [Insert official position title] | F91: Travel Expenses/Budget Impact Justification [Lodging, parking, per diem, etc., and the impact of the travel on program objectives/goals] | G91: Amount [Insert Amount]
G92: =B92*C$92 -> 0
G93: =B93*C$92 -> 0
G94: =B94*C$92 -> 0
G95: =B95*C$92 -> 0
A96: « Unhide rows | G96: =B96*C$92 -> 0
G97: =B97*C$92 -> 0
G98: =B98*C$92 -> 0
G99: =B99*C$92 -> 0
G100: =B100*C$92 -> 0
B101: Local Travel Sub-Total | G101: =SUM(G92:G100) -> 0
B102: *Long Distance Travel (If Applicable). Note: No international travel is allowed under this grant.
B103: Type of Travel | D103: Name of Traveler(s) | E103: Position of Traveler(s) [Insert official position title] | F103: Travel Expenses/Budget Impact Justification [Lodging, parking, per diem, etc., and the impact of the travel on program objectives/goals] | G103: Amount [Insert Amount]
G104: 0
G105: 0
G106: 0
G107: 0
G108: 0
B114: Long Distance Travel Sub-Total | G114: =SUM(G104:G111) -> 0
B115: Travel Total | G115: =SUM(G101,G114) -> 0
B117: *Supplies [Supplies is defined as property with a unit cost under $10,000. Note: Items such as laptops, tablets, and desktop computers are classified as a supply if the value is under the $10,000 threshold.]
B118: List of Supplies | F118: Budget Impact Justification [Description of need to carry out the program's objectives/goals] | G118: Amount [Insert Amount]
B129: Supplies Total | G129: =SUM(G119:G128) -> 0
B131: *Contractual/Consultant
B132: Type of Contract | D132: Name of Contractor/Consultant | E132: Deliverables | F132: Budget Impact Justification [Description of how the contract impacts the program's objectives/goals and how the costs were estimated] | G132: Amount [Insert Amount]
A137: « Unhide rows
B141: Contracts Total | G141: =SUM(G133:G140) -> 0
B143: Other [List all costs that do not fit into any other category]
B144: List of Other | F144: Budget Impact Justification [Impact on the program's objectives/goals] | G144: Amount [Insert Amount]
A148: « Unhide rows
B155: Other Costs Total | G155: =SUM(G145:G154) -> 0
B157: Total Direct Care Cost
G158: =G68+G74+G89+G155 -> 0
B160: Indirect Cost
B161: Type of Indirect Cost [Select from dropdown list] | D161: Rate [Insert rate below/rate is capped at 10%] | E161: Insert Base | G161: Total Indirect [Formula Driven]
D162: 0 | E162: Explain | G162: =D162*G158 -> 0
B164: Administrative Cost [Subrecipient administrative activities include usual and recognized overhead activities, including established indirect rates for agencies.]
B165: List of Administrative Cost [Only if the subrecipient does not have an HHS Indirect Approved Rate] | F165: Budget Impact Justification [Description of need to carry out the program's objectives/goals] | G165: Amount [Insert Amount]
A166: « Unhide rows
B175: Total Administrative Cost | G175: =SUM(G166:G174) -> 0
B177: Total Indirect/Admin Charge
G178: =SUM(G162,G175) -> 0
B180: Non-Medical Case Management Service Total
...

Sheet Emergency Financial Assistance
B2: SUBRECIPIENT:
B3: EFA
B4: FISCAL YEAR: 2026
B6: Personnel/Direct Care Cost
B7: Salary [Insert total annual salary] | C7: FTE [Insert as decimal] | D7: Name [Insert name] | E7: Position [Insert official position title] | F7: Budget Impact Justification [Insert description of duties, impact on Ryan White Part A program goals and outcomes, payment source for balance of FTE] | G7: Amount [Cell is formula driven]
B8: 0 | C8: 0 | G8: =B8*C8 -> 0
G9: =B9*C9 -> 0
G10: =B10*C10 -> 0
A11: Unhidden Rows | G11: =B11*C11 -> 0
G12: =B12*C12 -> 0
G13: =B13*C13 -> 0
G14: =B14*C14 -> 0
G15: =B15*C15 -> 0
A16: Hidden Rows | G16: =B16*C16 -> 0
G17: =B17*C17 -> 0
G18: =B18*C18 -> 0
G19: =B19*C19 -> 0
G20: =B20*C20 -> 0
A21: Hidden Worksheet (tabs) | G21: =B21*C21 -> 0
G22: =B22*C22 -> 0
G23: =B23*C23 -> 0
G24: =B24*C24 -> 0
A25: Unhidden Worksheets (tabs) | G25: =B25*C25 -> 0
G26: =B26*C26 -> 0
G27: =B27*C27 -> 0
G28: =B28*C28 -> 0
G29: =B29*C29 -> 0
G30: =B30*C30 -> 0
G31: =B31*C31 -> 0
G32: =B32*C32 -> 0
G33: =B33*C33 -> 0
G34: =B34*C34 -> 0
G35: =B35*C35 -> 0
G36: =B36*C36 -> 0
G37: =B37*C37 -> 0
... G67: =B67*C67 -> 0
B68: Personnel Total | G68: =SUM(G8:G67) -> 0
B70: Fringe Benefits
B71: Percentage [Insert as %] | C71: Components [List components that comprise the fringe benefit rate] | G71: Amount [Cell is formula driven]
B72: 0 | G72: =B72*G$68 -> 0
G73: =B73*G$68 -> 0
B74: Fringe Benefit Total | G74: =SUM(G72:G73) -> 0
B76: Other Direct Care Cost
B77: List of Other Direct Care Cost [If other direct care cost includes costs like travel, supplies, and consultant costs, complete the additional sections for these Other Direct Care costs. See *] | F77: Budget Impact Justification [Description of need to carry out the program's objectives/goals] | G77: Amount [Insert Amount]
G78: 0
G79: 0
G80: 0
G81: 0
G82: 0
G83: 0
G84: 0
G85: 0
G86: 0
G87: 0
G88: 0
B89: Other Direct Care Cost Total | G89: =SUM(G78:G88) -> 0
B90: *Local Travel
B91: Mileage Rate | C91: Number of Miles | D91: Name of Traveler(s) | E91: Position of Traveler(s) [Insert official position title] | F91: Travel Expenses/Budget Impact Justification [Lodging, parking, per diem, etc., and the impact of the travel on program objectives/goals] | G91: Amount [Insert Amount]
G92: =B92*C$92 -> 0
G93: =B93*C$92 -> 0
G94: =B94*C$92 -> 0
G95: =B95*C$92 -> 0
A96: « Unhide rows | G96: =B96*C$92 -> 0
G97: =B97*C$92 -> 0
G98: =B98*C$92 -> 0
G99: =B99*C$92 -> 0
G100: =B100*C$92 -> 0
B101: Local Travel Sub-Total | G101: =SUM(G92:G100) -> 0
B102: *Long Distance Travel (If Applicable). Note: No international travel is allowed under this grant.
B103: Type of Travel | D103: Name of Traveler(s) | E103: Position of Traveler(s) [Insert official position title] | F103: Travel Expenses/Budget Impact Justification [Lodging, parking, per diem, etc., and the impact of the travel on program objectives/goals] | G103: Amount [Insert Amount]
G104: 0
G105: 0
G106: 0
G107: 0
G108: 0
B114: Long Distance Travel Sub-Total | G114: =SUM(G104:G111) -> 0
B115: Travel Total | G115: =SUM(G101,G114) -> 0
B117: *Supplies [Supplies is defined as property with a unit cost under $10,000. Note: Items such as laptops, tablets, and desktop computers are classified as a supply if the value is under the $10,000 threshold.]
B118: List of Supplies | F118: Budget Impact Justification [Description of need to carry out the program's objectives/goals] | G118: Amount [Insert Amount]
B129: Supplies Total | G129: =SUM(G119:G128) -> 0
B131: *Contractual/Consultant
B132: Type of Contract | D132: Name of Contractor/Consultant | E132: Deliverables | F132: Budget Impact Justification [Description of how the contract impacts the program's objectives/goals and how the costs were estimated] | G132: Amount [Insert Amount]
A137: « Unhide rows
B141: Contracts Total | G141: =SUM(G133:G140) -> 0
B143: Other [List all costs that do not fit into any other category]
B144: List of Other | F144: Budget Impact Justification [Impact on the program's objectives/goals] | G144: Amount [Insert Amount]
A148: « Unhide rows
B155: Other Costs Total | G155: =SUM(G145:G154) -> 0
B157: Total Direct Care Cost
G158: =G68+G74+G89+G155 -> 0
B160: Indirect Cost
B161: Type of Indirect Cost [Select from dropdown list] | D161: Rate [Insert rate below/rate is capped at 10%] | E161: Insert Base | G161: Total Indirect [Formula Driven]
D162: 0 | E162: Explain | G162: =D162*G158 -> 0
B164: Administrative Cost [Subrecipient administrative activities include usual and recognized overhead activities, including established indirect rates for agencies.]
B165: List of Administrative Cost [Only if the subrecipient does not have an HHS Indirect Approved Rate] | F165: Budget Impact Justification [Description of need to carry out the program's objectives/goals] | G165: Amount [Insert Amount]
A166: « Unhide rows
B175: Total Administrative Cost | G175: =SUM(G166:G174) -> 0
B177: Total Indirect/Admin Charge
G178: =SUM(G162,G175) -> 0
B180: Emergency Financial Assistance Service Total
...

Sheet Food Bank-Home Delivered Meals
B2: SUBRECIPIENT:
B3: FBHDM
B4: FISCAL YEAR: 2026
B6: Personnel/Direct Care Cost
B7: Salary [Insert total annual salary] | C7: FTE [Insert as decimal] | D7: Name [Insert name] | E7: Position [Insert official position title] | F7: Budget Impact Justification [Insert description of duties, impact on Ryan White Part A program goals and outcomes, payment source for balance of FTE] | G7: Amount [Cell is formula driven]
B8: 0 | C8: 0 | G8: =B8*C8 -> 0
G9: =B9*C9 -> 0
G10: =B10*C10 -> 0
A11: Unhidden Rows | G11: =B11*C11 -> 0
G12: =B12*C12 -> 0
G13: =B13*C13 -> 0
G14: =B14*C14 -> 0
G15: =B15*C15 -> 0
A16: Hidden Rows | G16: =B16*C16 -> 0
G17: =B17*C17 -> 0
G18: =B18*C18 -> 0
G19: =B19*C19 -> 0
G20: =B20*C20 -> 0
A21: Hidden Worksheet (tabs) | G21: =B21*C21 -> 0
G22: =B22*C22 -> 0
G23: =B23*C23 -> 0
G24: =B24*C24 -> 0
A25: Unhidden Worksheets (tabs) | G25: =B25*C25 -> 0
G26: =B26*C26 -> 0
G27: =B27*C27 -> 0
G28: =B28*C28 -> 0
G29: =B29*C29 -> 0
G30: =B30*C30 -> 0
G31: =B31*C31 -> 0
G32: =B32*C32 -> 0
G33: =B33*C33 -> 0
G34: =B34*C34 -> 0
G35: =B35*C35 -> 0
G36: =B36*C36 -> 0
G37: =B37*C37 -> 0
... G67: =B67*C67 -> 0
B68: Personnel Total | G68: =SUM(G8:G67) -> 0
B70: Fringe Benefits
B71: Percentage [Insert as %] | C71: Components [List components that comprise the fringe benefit rate] | G71: Amount [Cell is formula driven]
B72: 0 | G72: =B72*G$68 -> 0
G73: =B73*G$68 -> 0
B74: Fringe Benefit Total | G74: =SUM(G72:G73) -> 0
B76: Other Direct Care Cost
B77: List of Other Direct Care Cost [If other direct care cost includes costs like travel, supplies, and consultant costs, complete the additional sections for these Other Direct Care costs. See *] | F77: Budget Impact Justification [Description of need to carry out the program's objectives/goals] | G77: Amount [Insert Amount]
G78: 0
G79: 0
G80: 0
G81: 0
G82: 0
G83: 0
G84: 0
G85: 0
G86: 0
G87: 0
G88: 0
B89: Other Direct Care Cost Total | G89: =SUM(G78:G88) -> 0
B90: *Local Travel
B91: Mileage Rate | C91: Number of Miles | D91: Name of Traveler(s) | E91: Position of Traveler(s) [Insert official position title] | F91: Travel Expenses/Budget Impact Justification [Lodging, parking, per diem, etc., and the impact of the travel on program objectives/goals] | G91: Amount [Insert Amount]
G92: =B92*C$92 -> 0
G93: =B93*C$92 -> 0
G94: =B94*C$92 -> 0
G95: =B95*C$92 -> 0
A96: « Unhide rows | G96: =B96*C$92 -> 0
G97: =B97*C$92 -> 0
G98: =B98*C$92 -> 0
G99: =B99*C$92 -> 0
G100: =B100*C$92 -> 0
B101: Local Travel Sub-Total | G101: =SUM(G92:G100) -> 0
B102: *Long Distance Travel (If Applicable). Note: No international travel is allowed under this grant.
B103: Type of Travel | D103: Name of Traveler(s) | E103: Position of Traveler(s) [Insert official position title] | F103: Travel Expenses/Budget Impact Justification [Lodging, parking, per diem, etc., and the impact of the travel on program objectives/goals] | G103: Amount [Insert Amount]
G104: 0
G105: 0
G106: 0
G107: 0
G108: 0
B114: Long Distance Travel Sub-Total | G114: =SUM(G104:G111) -> 0
B115: Travel Total | G115: =SUM(G101,G114) -> 0
B117: *Supplies [Supplies is defined as property with a unit cost under $10,000. Note: Items such as laptops, tablets, and desktop computers are classified as a supply if the value is under the $10,000 threshold.]
B118: List of Supplies | F118: Budget Impact Justification [Description of need to carry out the program's objectives/goals] | G118: Amount [Insert Amount]
B129: Supplies Total | G129: =SUM(G119:G128) -> 0
B131: *Contractual/Consultant
B132: Type of Contract | D132: Name of Contractor/Consultant | E132: Deliverables | F132: Budget Impact Justification [Description of how the contract impacts the program's objectives/goals and how the costs were estimated] | G132: Amount [Insert Amount]
A137: « Unhide rows
B141: Contracts Total | G141: =SUM(G133:G140) -> 0
B143: Other [List all costs that do not fit into any other category]
B144: List of Other | F144: Budget Impact Justification [Impact on the program's objectives/goals] | G144: Amount [Insert Amount]
A148: « Unhide rows
B155: Other Costs Total | G155: =SUM(G145:G154) -> 0
B157: Total Direct Care Cost
G158: =G68+G74+G89+G155 -> 0
B160: Indirect Cost
B161: Type of Indirect Cost [Select from dropdown list] | D161: Rate [Insert rate below/rate is capped at 10%] | E161: Insert Base | G161: Total Indirect [Formula Driven]
D162: 0 | E162: Explain | G162: =D162*G158 -> 0
B164: Administrative Cost [Subrecipient administrative activities include usual and recognized overhead activities, including established indirect rates for agencies.]
B165: List of Administrative Cost [Only if the subrecipient does not have an HHS Indirect Approved Rate] | F165: Budget Impact Justification [Description of need to carry out the program's objectives/goals] | G165: Amount [Insert Amount]
A166: « Unhide rows
B175: Total Administrative Cost | G175: =SUM(G166:G174) -> 0
B177: Total Indirect/Admin Charge
G178: =SUM(G162,G175) -> 0
B180: Food Bank/Home Delivered Meals Service Total
...

Sheet Housing Services
B2: SUBRECIPIENT:
B3: HOUSING
B4: FISCAL YEAR: 2026
B6: Personnel/Direct Care Cost
B7: Salary [Insert total annual salary] | C7: FTE [Insert as decimal] | D7: Name [Insert name] | E7: Position [Insert official position title] | F7: Budget Impact Justification [Insert description of duties, impact on Ryan White Part A program goals and outcomes, payment source for balance of FTE] | G7: Amount [Cell is formula driven]
B8: 0 | C8: 0 | G8: =B8*C8 -> 0
G9: =B9*C9 -> 0
G10: =B10*C10 -> 0
A11: Unhidden Rows | G11: =B11*C11 -> 0
G12: =B12*C12 -> 0
G13: =B13*C13 -> 0
G14: =B14*C14 -> 0
G15: =B15*C15 -> 0
A16: Hidden Rows | G16: =B16*C16 -> 0
G17: =B17*C17 -> 0
G18: =B18*C18 -> 0
G19: =B19*C19 -> 0
G20: =B20*C20 -> 0
A21: Hidden Worksheet (tabs) | G21: =B21*C21 -> 0
G22: =B22*C22 -> 0
G23: =B23*C23 -> 0
G24: =B24*C24 -> 0
A25: Unhidden Worksheets (tabs) | G25: =B25*C25 -> 0
G26: =B26*C26 -> 0
G27: =B27*C27 -> 0
G28: =B28*C28 -> 0
G29: =B29*C29 -> 0
G30: =B30*C30 -> 0
G31: =B31*C31 -> 0
G32: =B32*C32 -> 0
G33: =B33*C33 -> 0
G34: =B34*C34 -> 0
G35: =B35*C35 -> 0
G36: =B36*C36 -> 0
G37: =B37*C37 -> 0
... G67: =B67*C67 -> 0
B68: Personnel Total | G68: =SUM(G8:G67) -> 0
B70: Fringe Benefits
B71: Percentage [Insert as %] | C71: Components [List components that comprise the fringe benefit rate] | G71: Amount [Cell is formula driven]
B72: 0 | G72: =B72*G$68 -> 0
G73: =B73*G$68 -> 0
B74: Fringe Benefit Total | G74: =SUM(G72:G73) -> 0
B76: Other Direct Care Cost
B77: List of Other Direct Care Cost [If other direct care cost includes costs like travel, supplies, and consultant costs, complete the additional sections for these Other Direct Care costs. See *] | F77: Budget Impact Justification [Description of need to carry out the program's objectives/goals] | G77: Amount [Insert Amount]
G78: 0
G79: 0
G80: 0
G81: 0
G82: 0
G83: 0
G84: 0
G85: 0
G86: 0
G87: 0
G88: 0
B89: Other Direct Care Cost Total | G89: =SUM(G78:G88) -> 0
B90: *Local Travel
B91: Mileage Rate | C91: Number of Miles | D91: Name of Traveler(s) | E91: Position of Traveler(s) [Insert official position title] | F91: Travel Expenses/Budget Impact Justification [Lodging, parking, per diem, etc., and the impact of the travel on program objectives/goals] | G91: Amount [Insert Amount]
G92: =B92*C$92 -> 0
G93: =B93*C$92 -> 0
G94: =B94*C$92 -> 0
G95: =B95*C$92 -> 0
A96: « Unhide rows | G96: =B96*C$92 -> 0
G97: =B97*C$92 -> 0
G98: =B98*C$92 -> 0
G99: =B99*C$92 -> 0
G100: =B100*C$92 -> 0
B101: Local Travel Sub-Total | G101: =SUM(G92:G100) -> 0
B102: *Long Distance Travel (If Applicable). Note: No international travel is allowed under this grant.
B103: Type of Travel | D103: Name of Traveler(s) | E103: Position of Traveler(s) [Insert official position title] | F103: Travel Expenses/Budget Impact Justification [Lodging, parking, per diem, etc., and the impact of the travel on program objectives/goals] | G103: Amount [Insert Amount]
G104: 0
G105: 0
G106: 0
G107: 0
G108: 0
B114: Long Distance Travel Sub-Total | G114: =SUM(G104:G111) -> 0
B115: Travel Total | G115: =SUM(G101,G114) -> 0
B117: *Supplies [Supplies is defined as property with a unit cost under $10,000. Note: Items such as laptops, tablets, and desktop computers are classified as a supply if the value is under the $10,000 threshold.]
B118: List of Supplies | F118: Budget Impact Justification [Description of need to carry out the program's objectives/goals] | G118: Amount [Insert Amount]
B129: Supplies Total | G129: =SUM(G119:G128) -> 0
B131: *Contractual/Consultant
B132: Type of Contract | D132: Name of Contractor/Consultant | E132: Deliverables | F132: Budget Impact Justification [Description of how the contract impacts the program's objectives/goals and how the costs were estimated] | G132: Amount [Insert Amount]
A137: « Unhide rows
B141: Contracts Total | G141: =SUM(G133:G140) -> 0
B143: Other [List all costs that do not fit into any other category]
B144: List of Other | F144: Budget Impact Justification [Impact on the program's objectives/goals] | G144: Amount [Insert Amount]
A148: « Unhide rows
B155: Other Costs Total | G155: =SUM(G145:G154) -> 0
B157: Total Direct Care Cost
G158: =G68+G74+G89+G155 -> 0
B160: Indirect Cost
B161: Type of Indirect Cost [Select from dropdown list] | D161: Rate [Insert rate below/rate is capped at 10%] | E161: Insert Base | G161: Total Indirect [Formula Driven]
D162: 0 | E162: Explain | G162: =D162*G158 -> 0
B164: Administrative Cost [Subrecipient administrative activities include usual and recognized overhead activities, including established indirect rates for agencies.]
B165: List of Administrative Cost [Only if the subrecipient does not have an HHS Indirect Approved Rate] | F165: Budget Impact Justification [Description of need to carry out the program's objectives/goals] | G165: Amount [Insert Amount]
A166: « Unhide rows
B175: Total Administrative Cost | G175: =SUM(G166:G174) -> 0
B177: Total Indirect/Admin Charge
G178: =SUM(G162,G175) -> 0
B180: Housing Service Total
...

Sheet Medical Transportation
B2: SUBRECIPIENT:
B3: MEDICAL TRANSPORTATION
B4: FISCAL YEAR: 2026
B6: Personnel/Direct Care Cost
B7: Salary [Insert total annual salary] | C7: FTE [Insert as decimal] | D7: Name [Insert name] | E7: Position [Insert official position title] | F7: Budget Impact Justification [Insert description of duties, impact on Ryan White Part A program goals and outcomes, payment source for balance of FTE] | G7: Amount [Cell is formula driven]
B8: 0 | C8: 0 | G8: =B8*C8 -> 0
G9: =B9*C9 -> 0
G10: =B10*C10 -> 0
A11: Unhidden Rows | G11: =B11*C11 -> 0
G12: =B12*C12 -> 0
G13: =B13*C13 -> 0
G14: =B14*C14 -> 0
G15: =B15*C15 -> 0
A16: Hidden Rows | G16: =B16*C16 -> 0
G17: =B17*C17 -> 0
G18: =B18*C18 -> 0
G19: =B19*C19 -> 0
G20: =B20*C20 -> 0
A21: Hidden Worksheet (tabs) | G21: =B21*C21 -> 0
G22: =B22*C22 -> 0
G23: =B23*C23 -> 0
G24: =B24*C24 -> 0
A25: Unhidden Worksheets (tabs) | G25: =B25*C25 -> 0
G26: =B26*C26 -> 0
G27: =B27*C27 -> 0
G28: =B28*C28 -> 0
G29: =B29*C29 -> 0
G30: =B30*C30 -> 0
G31: =B31*C31 -> 0
G32: =B32*C32 -> 0
G33: =B33*C33 -> 0
G34: =B34*C34 -> 0
G35: =B35*C35 -> 0
G36: =B36*C36 -> 0
G37: =B37*C37 -> 0
... G67: =B67*C67 -> 0
B68: Personnel Total | G68: =SUM(G8:G67) -> 0
B70: Fringe Benefits
B71: Percentage [Insert as %] | C71: Components [List components that comprise the fringe benefit rate] | G71: Amount [Cell is formula driven]
B72: 0 | G72: =B72*G$68 -> 0
G73: =B73*G$68 -> 0
B74: Fringe Benefit Total | G74: =SUM(G72:G73) -> 0
B76: Other Direct Care Cost
B77: List of Other Direct Care Cost [If other direct care cost includes costs like travel, supplies, and consultant costs, complete the additional sections for these Other Direct Care costs. See *] | F77: Budget Impact Justification [Description of need to carry out the program's objectives/goals] | G77: Amount [Insert Amount]
G78: 0
G79: 0
G80: 0
G81: 0
G82: 0
G83: 0
G84: 0
G85: 0
G86: 0
G87: 0
G88: 0
B89: Other Direct Care Cost Total | G89: =SUM(G78:G88) -> 0
B90: *Local Travel
B91: Mileage Rate | C91: Number of Miles | D91: Name of Traveler(s) | E91: Position of Traveler(s) [Insert official position title] | F91: Travel Expenses/Budget Impact Justification [Lodging, parking, per diem, etc., and the impact of the travel on program objectives/goals] | G91: Amount [Insert Amount]
G92: =B92*C$92 -> 0
G93: =B93*C$92 -> 0
G94: =B94*C$92 -> 0
G95: =B95*C$92 -> 0
A96: « Unhide rows | G96: =B96*C$92 -> 0
G97: =B97*C$92 -> 0
G98: =B98*C$92 -> 0
G99: =B99*C$92 -> 0
G100: =B100*C$92 -> 0
B101: Local Travel Sub-Total | G101: =SUM(G92:G100) -> 0
B102: *Long Distance Travel (If Applicable). Note: No international travel is allowed under this grant.
B103: Type of Travel | D103: Name of Traveler(s) | E103: Position of Traveler(s) [Insert official position title] | F103: Travel Expenses/Budget Impact Justification [Lodging, parking, per diem, etc., and the impact of the travel on program objectives/goals] | G103: Amount [Insert Amount]
G104: 0
G105: 0
G106: 0
G107: 0
G108: 0
B114: Long Distance Travel Sub-Total | G114: =SUM(G104:G111) -> 0
B115: Travel Total | G115: =SUM(G101,G114) -> 0
B117: *Supplies [Supplies is defined as property with a unit cost under $10,000. Note: Items such as laptops, tablets, and desktop computers are classified as a supply if the value is under the $10,000 threshold.]
B118: List of Supplies | F118: Budget Impact Justification [Description of need to carry out the program's objectives/goals] | G118: Amount [Insert Amount]
B129: Supplies Total | G129: =SUM(G119:G128) -> 0
B131: *Contractual/Consultant
B132: Type of Contract | D132: Name of Contractor/Consultant | E132: Deliverables | F132: Budget Impact Justification [Description of how the contract impacts the program's objectives/goals and how the costs were estimated] | G132: Amount [Insert Amount]
A137: « Unhide rows
B141: Contracts Total | G141: =SUM(G133:G140) -> 0
B143: Other [List all costs that do not fit into any other category]
B144: List of Other | F144: Budget Impact Justification [Impact on the program's objectives/goals] | G144: Amount [Insert Amount]
A148: « Unhide rows
B155: Other Costs Total | G155: =SUM(G145:G154) -> 0
B157: Total Direct Care Cost
G158: =G68+G74+G89+G155 -> 0
B160: Indirect Cost
B161: Type of Indirect Cost [Select from dropdown list] | D161: Rate [Insert rate below/rate is capped at 10%] | E161: Insert Base | G161: Total Indirect [Formula Driven]
D162: 0 | E162: Explain | G162: =D162*G158 -> 0
B164: Administrative Cost [Subrecipient administrative activities include usual and recognized overhead activities, including established indirect rates for agencies.]
B165: List of Administrative Cost [Only if the subrecipient does not have an HHS Indirect Approved Rate] | F165: Budget Impact Justification [Description of need to carry out the program's objectives/goals] | G165: Amount [Insert Amount]
A166: « Unhide rows
B175: Total Administrative Cost | G175: =SUM(G166:G174) -> 0
B177: Total Indirect/Admin Charge
G178: =SUM(G162,G175) -> 0
B180: Medical Transportation Service Total
...

Sheet Psychosocial Support Services
B2: SUBRECIPIENT:
B3: PSS
B4: FISCAL YEAR: 2026
B6: Personnel/Direct Care Cost
B7: Salary [Insert total annual salary] | C7: FTE [Insert as decimal] | D7: Name [Insert name] | E7: Position [Insert official position title] | F7: Budget Impact Justification [Insert description of duties, impact on Ryan White Part A program goals and outcomes, payment source for balance of FTE] | G7: Amount [Cell is formula driven]
B8: 0 | C8: 0 | G8: =B8*C8 -> 0
G9: =B9*C9 -> 0
G10: =B10*C10 -> 0
A11: Unhidden Rows | G11: =B11*C11 -> 0
G12: =B12*C12 -> 0
G13: =B13*C13 -> 0
G14: =B14*C14 -> 0
G15: =B15*C15 -> 0
A16: Hidden Rows | G16: =B16*C16 -> 0
G17: =B17*C17 -> 0
G18: =B18*C18 -> 0
G19: =B19*C19 -> 0
G20: =B20*C20 -> 0
A21: Hidden Worksheet (tabs) | G21: =B21*C21 -> 0
G22: =B22*C22 -> 0
G23: =B23*C23 -> 0
G24: =B24*C24 -> 0
A25: Unhidden Worksheets (tabs) | G25: =B25*C25 -> 0
G26: =B26*C26 -> 0
G27: =B27*C27 -> 0
G28: =B28*C28 -> 0
G29: =B29*C29 -> 0
G30: =B30*C30 -> 0
G31: =B31*C31 -> 0
G32: =B32*C32 -> 0
G33: =B33*C33 -> 0
G34: =B34*C34 -> 0
G35: =B35*C35 -> 0
G36: =B36*C36 -> 0
G37: =B37*C37 -> 0
... G67: =B67*C67 -> 0
B68: Personnel Total | G68: =SUM(G8:G67) -> 0
B70: Fringe Benefits
B71: Percentage [Insert as %] | C71: Components [List components that comprise the fringe benefit rate] | G71: Amount [Cell is formula driven]
B72: 0 | G72: =B72*G$68 -> 0
G73: =B73*G$68 -> 0
B74: Fringe Benefit Total | G74: =SUM(G72:G73) -> 0
B76: Other Direct Care Cost
B77: List of Other Direct Care Cost [If other direct care cost includes costs like travel, supplies, and consultant costs, complete the additional sections for these Other Direct Care costs. See *] | F77: Budget Impact Justification [Description of need to carry out the program's objectives/goals] | G77: Amount [Insert Amount]
G78: 0
G79: 0
G80: 0
G81: 0
G82: 0
G83: 0
G84: 0
G85: 0
G86: 0
G87: 0
G88: 0
B89: Other Direct Care Cost Total | G89: =SUM(G78:G88) -> 0
B90: *Local Travel
B91: Mileage Rate | C91: Number of Miles | D91: Name of Traveler(s) | E91: Position of Traveler(s) [Insert official position title] | F91: Travel Expenses/Budget Impact Justification [Lodging, parking, per diem, etc., and the impact of the travel on program objectives/goals] | G91: Amount [Insert Amount]
G92: =B92*C$92 -> 0
G93: =B93*C$92 -> 0
G94: =B94*C$92 -> 0
G95: =B95*C$92 -> 0
A96: « Unhide rows | G96: =B96*C$92 -> 0
G97: =B97*C$92 -> 0
G98: =B98*C$92 -> 0
G99: =B99*C$92 -> 0
G100: =B100*C$92 -> 0
B101: Local Travel Sub-Total | G101: =SUM(G92:G100) -> 0
B102: *Long Distance Travel (If Applicable). Note: No international travel is allowed under this grant.
B103: Type of Travel | D103: Name of Traveler(s) | E103: Position of Traveler(s) [Insert official position title] | F103: Travel Expenses/Budget Impact Justification [Lodging, parking, per diem, etc., and the impact of the travel on program objectives/goals] | G103: Amount [Insert Amount]
G104: 0
G105: 0
G106: 0
G107: 0
G108: 0
B114: Long Distance Travel Sub-Total | G114: =SUM(G104:G111) -> 0
B115: Travel Total | G115: =SUM(G101,G114) -> 0
B117: *Supplies [Supplies is defined as property with a unit cost under $10,000. Note: Items such as laptops, tablets, and desktop computers are classified as a supply if the value is under the $10,000 threshold.]
B118: List of Supplies | F118: Budget Impact Justification [Description of need to carry out the program's objectives/goals] | G118: Amount [Insert Amount]
B129: Supplies Total | G129: =SUM(G119:G128) -> 0
B131: *Contractual/Consultant
B132: Type of Contract | D132: Name of Contractor/Consultant | E132: Deliverables | F132: Budget Impact Justification [Description of how the contract impacts the program's objectives/goals and how the costs were estimated] | G132: Amount [Insert Amount]
A137: « Unhide rows
B141: Contracts Total | G141: =SUM(G133:G140) -> 0
B143: Other [List all costs that do not fit into any other category]
B144: List of Other | F144: Budget Impact Justification [Impact on the program's objectives/goals] | G144: Amount [Insert Amount]
A148: « Unhide rows
B155: Other Costs Total | G155: =SUM(G145:G154) -> 0
B157: Total Direct Care Cost
G158: =G68+G74+G89+G155 -> 0
B160: Indirect Cost
B161: Type of Indirect Cost [Select from dropdown list] | D161: Rate [Insert rate below/rate is capped at 10%] | E161: Insert Base | G161: Total Indirect [Formula Driven]
D162: 0 | E162: Explain | G162: =D162*G158 -> 0
B164: Administrative Cost [Subrecipient administrative activities include usual and recognized overhead activities, including established indirect rates for agencies.]
B165: List of Administrative Cost [Only if the subrecipient does not have an HHS Indirect Approved Rate] | F165: Budget Impact Justification [Description of need to carry out the program's objectives/goals] | G165: Amount [Insert Amount]
A166: « Unhide rows
B175: Total Administrative Cost | G175: =SUM(G166:G174) -> 0
B177: Total Indirect/Admin Charge
G178: =SUM(G162,G175) -> 0
B180: Psychosocial Support Service Total
...

Sheet Medical Case Management-MAI
B2: SUBRECIPIENT:
B3: MEDICAL CASE MANAGEMENT -MAI
B4: FISCAL YEAR: 2026
B6: Personnel/Direct Care Cost
B7: Salary [Insert total annual salary] | C7: FTE [Insert as decimal] | D7: Name [Insert name] | E7: Position [Insert official position title] | F7: Budget Impact Justification [Insert description of duties, impact on Ryan White Part A program goals and outcomes, payment source for balance of FTE] | G7: Amount [Cell is formula driven]
B8: 0 | C8: 0 | G8: =B8*C8 -> 0
G9: =B9*C9 -> 0
G10: =B10*C10 -> 0
A11: Unhidden Rows | G11: =B11*C11 -> 0
G12: =B12*C12 -> 0
G13: =B13*C13 -> 0
G14: =B14*C14 -> 0
G15: =B15*C15 -> 0
A16: Hidden Rows | G16: =B16*C16 -> 0
G17: =B17*C17 -> 0
G18: =B18*C18 -> 0
G19: =B19*C19 -> 0
G20: =B20*C20 -> 0
A21: Hidden Worksheet (tabs) | G21: =B21*C21 -> 0
G22: =B22*C22 -> 0
G23: =B23*C23 -> 0
G24: =B24*C24 -> 0
A25: Unhidden Worksheets (tabs) | G25: =B25*C25 -> 0
G26: =B26*C26 -> 0
G27: =B27*C27 -> 0
G28: =B28*C28 -> 0
G29: =B29*C29 -> 0
G30: =B30*C30 -> 0
G31: =B31*C31 -> 0
G32: =B32*C32 -> 0
G33: =B33*C33 -> 0
G34: =B34*C34 -> 0
G35: =B35*C35 -> 0
G36: =B36*C36 -> 0
G37: =B37*C37 -> 0
... G67: =B67*C67 -> 0
B68: Personnel Total | G68: =SUM(G8:G67) -> 0
B70: Fringe Benefits
B71: Percentage [Insert as %] | C71: Components [List components that comprise the fringe benefit rate] | G71: Amount [Cell is formula driven]
B72: 0 | G72: =B72*G$68 -> 0
G73: =B73*G$68 -> 0
B74: Fringe Benefit Total | G74: =SUM(G72:G73) -> 0
B76: Other Direct Care Cost
B77: List of Other Direct Care Cost [If other direct care cost includes costs like travel, supplies, and consultant costs, complete the additional sections for these Other Direct Care costs. See *] | F77: Budget Impact Justification [Description of need to carry out the program's objectives/goals] | G77: Amount [Insert Amount]
G78: 0
G79: 0
G80: 0
G81: 0
G82: 0
G83: 0
G84: 0
G85: 0
G86: 0
G87: 0
G88: 0
B89: Other Direct Care Cost Total | G89: =SUM(G78:G88) -> 0
B90: *Local Travel
B91: Mileage Rate | C91: Number of Miles | D91: Name of Traveler(s) | E91: Position of Traveler(s) [Insert official position title] | F91: Travel Expenses/Budget Impact Justification [Lodging, parking, per diem, etc., and the impact of the travel on program objectives/goals] | G91: Amount [Insert Amount]
G92: =B92*C$92 -> 0
G93: =B93*C$92 -> 0
G94: =B94*C$92 -> 0
G95: =B95*C$92 -> 0
A96: « Unhide rows | G96: =B96*C$92 -> 0
G97: =B97*C$92 -> 0
G98: =B98*C$92 -> 0
G99: =B99*C$92 -> 0
G100: =B100*C$92 -> 0
B101: Local Travel Sub-Total | G101: =SUM(G92:G100) -> 0
B102: *Long Distance Travel (If Applicable). Note: No international travel is allowed under this grant.
B103: Type of Travel | D103: Name of Traveler(s) | E103: Position of Traveler(s) [Insert official position title] | F103: Travel Expenses/Budget Impact Justification [Lodging, parking, per diem, etc., and the impact of the travel on program objectives/goals] | G103: Amount [Insert Amount]
G104: 0
G105: 0
G106: 0
G107: 0
G108: 0
B114: Long Distance Travel Sub-Total | G114: =SUM(G104:G111) -> 0
B115: Travel Total | G115: =SUM(G101,G114) -> 0
B117: *Supplies [Supplies is defined as property with a unit cost under $10,000. Note: Items such as laptops, tablets, and desktop computers are classified as a supply if the value is under the $10,000 threshold.]
B118: List of Supplies | F118: Budget Impact Justification [Description of need to carry out the program's objectives/goals] | G118: Amount [Insert Amount]
B129: Supplies Total | G129: =SUM(G119:G128) -> 0
B131: *Contractual/Consultant
B132: Type of Contract | D132: Name of Contractor/Consultant | E132: Deliverables | F132: Budget Impact Justification [Description of how the contract impacts the program's objectives/goals and how the costs were estimated] | G132: Amount [Insert Amount]
A137: « Unhide rows
B141: Contracts Total | G141: =SUM(G133:G140) -> 0
B143: Other [List all costs that do not fit into any other category]
B144: List of Other | F144: Budget Impact Justification [Impact on the program's objectives/goals] | G144: Amount [Insert Amount]
A148: « Unhide rows
B155: Other Costs Total | G155: =SUM(G145:G154) -> 0
B157: Total Direct Care Cost
G158: =G68+G74+G89+G155 -> 0
B160: Indirect Cost
B161: Type of Indirect Cost [Select from dropdown list] | D161: Rate [Insert rate below/rate is capped at 10%] | E161: Insert Base | G161: Total Indirect [Formula Driven]
D162: 0 | E162: Explain | G162: =D162*G158 -> 0
B164: Administrative Cost [Subrecipient administrative activities include usual and recognized overhead activities, including established indirect rates for agencies.]
B165: List of Administrative Cost [Only if the subrecipient does not have an HHS Indirect Approved Rate] | F165: Budget Impact Justification [Description of need to carry out the program's objectives/goals] | G165: Amount [Insert Amount]
A166: « Unhide rows
B175: Total Administrative Cost | G175: =SUM(G166:G174) -> 0
B177: Total Indirect/Admin Charge
G178: =SUM(G162,G175) -> 0
B180: MAI-Medical Case Management Service Total
...

Sheet Medical CM-Non Medical-MAI
B2: SUBRECIPIENT:
B3: NON-MEDICAL CASE MANAGEMENT - MAI
B4: FISCAL YEAR: 2026
B6: Personnel/Direct Care Cost
B7: Salary [Insert total annual salary] | C7: FTE [Insert as decimal] | D7: Name [Insert name] | E7: Position [Insert official position title] | F7: Budget Impact Justification [Insert description of duties, impact on Ryan White Part A program goals and outcomes, payment source for balance of FTE] | G7: Amount [Cell is formula driven]
B8: 0 | C8: 0 | G8: =B8*C8 -> 0
G9: =B9*C9 -> 0
G10: =B10*C10 -> 0
A11: Unhidden Rows | G11: =B11*C11 -> 0
G12: =B12*C12 -> 0
G13: =B13*C13 -> 0
G14: =B14*C14 -> 0
G15: =B15*C15 -> 0
A16: Hidden Rows | G16: =B16*C16 -> 0
G17: =B17*C17 -> 0
G18: =B18*C18 -> 0
G19: =B19*C19 -> 0
G20: =B20*C20 -> 0
A21: Hidden Worksheet (tabs) | G21: =B21*C21 -> 0
G22: =B22*C22 -> 0
G23: =B23*C23 -> 0
G24: =B24*C24 -> 0
A25: Unhidden Worksheets (tabs) | G25: =B25*C25 -> 0
G26: =B26*C26 -> 0
G27: =B27*C27 -> 0
G28: =B28*C28 -> 0
G29: =B29*C29 -> 0
G30: =B30*C30 -> 0
G31: =B31*C31 -> 0
G32: =B32*C32 -> 0
G33: =B33*C33 -> 0
G34: =B34*C34 -> 0
G35: =B35*C35 -> 0
G36: =B36*C36 -> 0
G37: =B37*C37 -> 0
... G67: =B67*C67 -> 0
B68: Personnel Total | G68: =SUM(G8:G67) -> 0
B70: Fringe Benefits
B71: Percentage [Insert as %] | C71: Components [List components that comprise the fringe benefit rate] | G71: Amount [Cell is formula driven]
B72: 0 | G72: =B72*G$68 -> 0
G73: =B73*G$68 -> 0
B74: Fringe Benefit Total | G74: =SUM(G72:G73) -> 0
B76: Other Direct Care Cost
B77: List of Other Direct Care Cost [If other direct care cost includes costs like travel, supplies, and consultant costs, complete the additional sections for these Other Direct Care costs. See *] | F77: Budget Impact Justification [Description of need to carry out the program's objectives/goals] | G77: Amount [Insert Amount]
G78: 0
G79: 0
G80: 0
G81: 0
G82: 0
G83: 0
G84: 0
G85: 0
G86: 0
G87: 0
G88: 0
B89: Other Direct Care Cost Total | G89: =SUM(G78:G88) -> 0
B90: *Local Travel
B91: Mileage Rate | C91: Number of Miles | D91: Name of Traveler(s) | E91: Position of Traveler(s) [Insert official position title] | F91: Travel Expenses/Budget Impact Justification [Lodging, parking, per diem, etc., and the impact of the travel on program objectives/goals] | G91: Amount [Insert Amount]
G92: =B92*C$92 -> 0
G93: =B93*C$92 -> 0
G94: =B94*C$92 -> 0
G95: =B95*C$92 -> 0
A96: « Unhide rows | G96: =B96*C$92 -> 0
G97: =B97*C$92 -> 0
G98: =B98*C$92 -> 0
G99: =B99*C$92 -> 0
G100: =B100*C$92 -> 0
B101: Local Travel Sub-Total | G101: =SUM(G92:G100) -> 0
B102: *Long Distance Travel (If Applicable). Note: No international travel is allowed under this grant.
B103: Type of Travel | D103: Name of Traveler(s) | E103: Position of Traveler(s) [Insert official position title] | F103: Travel Expenses/Budget Impact Justification [Lodging, parking, per diem, etc., and the impact of the travel on program objectives/goals] | G103: Amount [Insert Amount]
G104: 0
G105: 0
G106: 0
G107: 0
G108: 0
B114: Long Distance Travel Sub-Total | G114: =SUM(G104:G111) -> 0
B115: Travel Total | G115: =SUM(G101,G114) -> 0
B117: *Supplies [Supplies is defined as property with a unit cost under $10,000. Note: Items such as laptops, tablets, and desktop computers are classified as a supply if the value is under the $10,000 threshold.]
B118: List of Supplies | F118: Budget Impact Justification [Description of need to carry out the program's objectives/goals] | G118: Amount [Insert Amount]
B129: Supplies Total | G129: =SUM(G119:G128) -> 0
B131: *Contractual/Consultant
B132: Type of Contract | D132: Name of Contractor/Consultant | E132: Deliverables | F132: Budget Impact Justification [Description of how the contract impacts the program's objectives/goals and how the costs were estimated] | G132: Amount [Insert Amount]
A137: « Unhide rows
B141: Contracts Total | G141: =SUM(G133:G140) -> 0
B143: Other [List all costs that do not fit into any other category]
B144: List of Other | F144: Budget Impact Justification [Impact on the program's objectives/goals] | G144: Amount [Insert Amount]
A148: « Unhide rows
B155: Other Costs Total | G155: =SUM(G145:G154) -> 0
B157: Total Direct Care Cost
G158: =G68+G74+G89+G155 -> 0
B160: Indirect Cost
B161: Type of Indirect Cost [Select from dropdown list] | D161: Rate [Insert rate below/rate is capped at 10%] | E161: Insert Base | G161: Total Indirect [Formula Driven]
D162: 0 | E162: Explain | G162: =D162*G158 -> 0
B164: Administrative Cost [Subrecipient administrative activities include usual and recognized overhead activities, including established indirect rates for agencies.]
B165: List of Administrative Cost [Only if the subrecipient does not have an HHS Indirect Approved Rate] | F165: Budget Impact Justification [Description of need to carry out the program's objectives/goals] | G165: Amount [Insert Amount]
A166: « Unhide rows
B175: Total Administrative Cost | G175: =SUM(G166:G174) -> 0
B177: Total Indirect/Admin Charge
G178: =SUM(G162,G175) -> 0
B180: MAI - Non-Medical Case Management Service Total
...

Sheet Psychosocial Support Serv.-MAI
B2: SUBRECIPIENT:
B3: PSS - MAI
B4: FISCAL YEAR: 2026
B6: Personnel/Direct Care Cost
B7: Salary [Insert total annual salary] | C7: FTE [Insert as decimal] | D7: Name [Insert name] | E7: Position [Insert official position title] | F7: Budget Impact Justification [Insert description of duties, impact on Ryan White Part A program goals and outcomes, payment source for balance of FTE] | G7: Amount [Cell is formula driven]
B8: 0 | C8: 0 | G8: =B8*C8 -> 0
G9: =B9*C9 -> 0
G10: =B10*C10 -> 0
A11: Unhidden Rows | G11: =B11*C11 -> 0
G12: =B12*C12 -> 0
G13: =B13*C13 -> 0
G14: =B14*C14 -> 0
G15: =B15*C15 -> 0
A16: Hidden Rows | G16: =B16*C16 -> 0
G17: =B17*C17 -> 0
G18: =B18*C18 -> 0
G19: =B19*C19 -> 0
G20: =B20*C20 -> 0
A21: Hidden Worksheet (tabs) | G21: =B21*C21 -> 0
G22: =B22*C22 -> 0
G23: =B23*C23 -> 0
G24: =B24*C24 -> 0
A25: Unhidden Worksheets (tabs) | G25: =B25*C25 -> 0
G26: =B26*C26 -> 0
G27: =B27*C27 -> 0
G28: =B28*C28 -> 0
G29: =B29*C29 -> 0
G30: =B30*C30 -> 0
G31: =B31*C31 -> 0
G32: =B32*C32 -> 0
G33: =B33*C33 -> 0
G34: =B34*C34 -> 0
G35: =B35*C35 -> 0
G36: =B36*C36 -> 0
G37: =B37*C37 -> 0
... G67: =B67*C67 -> 0
B68: Personnel Total | G68: =SUM(G8:G67) -> 0
B70: Fringe Benefits
B71: Percentage [Insert as %] | C71: Components [List components that comprise the fringe benefit rate] | G71: Amount [Cell is formula driven]
B72: 0 | G72: =B72*G$68 -> 0
G73: =B73*G$68 -> 0
B74: Fringe Benefit Total | G74: =SUM(G72:G73) -> 0
B76: Other Direct Care Cost
B77: List of Other Direct Care Cost [If other direct care cost includes costs like travel, supplies, and consultant costs, complete the additional sections for these Other Direct Care costs. See *] | F77: Budget Impact Justification [Description of need to carry out the program's objectives/goals] | G77: Amount [Insert Amount]
G78: 0
G79: 0
G80: 0
G81: 0
G82: 0
G83: 0
G84: 0
G85: 0
G86: 0
G87: 0
G88: 0
B89: Other Direct Care Cost Total | G89: =SUM(G78:G88) -> 0
B90: *Local Travel
B91: Mileage Rate | C91: Number of Miles | D91: Name of Traveler(s) | E91: Position of Traveler(s) [Insert official position title] | F91: Travel Expenses/Budget Impact Justification [Lodging, parking, per diem, etc., and the impact of the travel on program objectives/goals] | G91: Amount [Insert Amount]
G92: =B92*C$92 -> 0
G93: =B93*C$92 -> 0
G94: =B94*C$92 -> 0
G95: =B95*C$92 -> 0
A96: « Unhide rows | G96: =B96*C$92 -> 0
G97: =B97*C$92 -> 0
G98: =B98*C$92 -> 0
G99: =B99*C$92 -> 0
G100: =B100*C$92 -> 0
B101: Local Travel Sub-Total | G101: =SUM(G92:G100) -> 0
B102: *Long Distance Travel (If Applicable). Note: No international travel is allowed under this grant.
B103: Type of Travel | D103: Name of Traveler(s) | E103: Position of Traveler(s) [Insert official position title] | F103: Travel Expenses/Budget Impact Justification [Lodging, parking, per diem, etc., and the impact of the travel on program objectives/goals] | G103: Amount [Insert Amount]
G104: 0
G105: 0
G106: 0
G107: 0
G108: 0
B114: Long Distance Travel Sub-Total | G114: =SUM(G104:G111) -> 0
B115: Travel Total | G115: =SUM(G101,G114) -> 0
B117: *Supplies [Supplies is defined as property with a unit cost under $10,000. Note: Items such as laptops, tablets, and desktop computers are classified as a supply if the value is under the $10,000 threshold.]
B118: List of Supplies | F118: Budget Impact Justification [Description of need to carry out the program's objectives/goals] | G118: Amount [Insert Amount]
B129: Supplies Total | G129: =SUM(G119:G128) -> 0
B131: *Contractual/Consultant
B132: Type of Contract | D132: Name of Contractor/Consultant | E132: Deliverables | F132: Budget Impact Justification [Description of how the contract impacts the program's objectives/goals and how the costs were estimated] | G132: Amount [Insert Amount]
A137: « Unhide rows
B141: Contracts Total | G141: =SUM(G133:G140) -> 0
B143: Other [List all costs that do not fit into any other category]
B144: List of Other | F144: Budget Impact Justification [Impact on the program's objectives/goals] | G144: Amount [Insert Amount]
A148: « Unhide rows
B155: Other Costs Total | G155: =SUM(G145:G154) -> 0
B157: Total Direct Care Cost
G158: =G68+G74+G89+G155 -> 0
B160: Indirect Cost
B161: Type of Indirect Cost [Select from dropdown list] | D161: Rate [Insert rate below/rate is capped at 10%] | E161: Insert Base | G161: Total Indirect [Formula Driven]
D162: 0 | E162: Explain | G162: =D162*G158 -> 0
B164: Administrative Cost [Subrecipient administrative activities include usual and recognized overhead activities, including established indirect rates for agencies.]
B165: List of Administrative Cost [Only if the subrecipient does not have an HHS Indirect Approved Rate] | F165: Budget Impact Justification [Description of need to carry out the program's objectives/goals] | G165: Amount [Insert Amount]
A166: « Unhide rows
B175: Total Administrative Cost | G175: =SUM(G166:G174) -> 0
B177: Total Indirect/Admin Charge
G178: =SUM(G162,G175) -> 0
B180: MAI - Psychosocial Support Service Total
...

Sheet Indirect Cost Drop Down
A1: Provisional
A2: Predetermined
A3: Final
A4: Fixed

Sheet OPS-Legal-MAI 
B2: SUBRECIPIENT:
B3: OPS -LEGAL - MAI
B4: FISCAL YEAR: 2026
B6: Personnel/Direct Care Cost
B7: Salary [Insert total annual salary] | C7: FTE [Insert as decimal] | D7: Name [Insert name] | E7: Position [Insert official position title] | F7: Budget Impact Justification [Insert description of duties, impact on Ryan White Part A program goals and outcomes, payment source for balance of FTE] | G7: Amount [Cell is formula driven]
B8: 0 | C8: 0 | G8: =B8*C8 -> 0
G9: =B9*C9 -> 0
G10: =B10*C10 -> 0
A11: Unhidden Rows | G11: =B11*C11 -> 0
G12: =B12*C12 -> 0
G13: =B13*C13 -> 0
G14: =B14*C14 -> 0
G15: =B15*C15 -> 0
A16: Hidden Rows | G16: =B16*C16 -> 0
G17: =B17*C17 -> 0
G18: =B18*C18 -> 0
G19: =B19*C19 -> 0
G20: =B20*C20 -> 0
A21: Hidden Worksheet (tabs) | G21: =B21*C21 -> 0
G22: =B22*C22 -> 0
G23: =B23*C23 -> 0
G24: =B24*C24 -> 0
A25: Unhidden Worksheets (tabs) | G25: =B25*C25 -> 0
G26: =B26*C26 -> 0
G27: =B27*C27 -> 0
G28: =B28*C28 -> 0
G29: =B29*C29 -> 0
G30: =B30*C30 -> 0
G31: =B31*C31 -> 0
G32: =B32*C32 -> 0
G33: =B33*C33 -> 0
G34: =B34*C34 -> 0
G35: =B35*C35 -> 0
G36: =B36*C36 -> 0
G37: =B37*C37 -> 0
... G67: =B67*C67 -> 0
B68: Personnel Total | G68: =SUM(G8:G67) -> 0
B70: Fringe Benefits
B71: Percentage [Insert as %] | C71: Components [List components that comprise the fringe benefit rate] | G71: Amount [Cell is formula driven]
B72: 0 | G72: =B72*G$68 -> 0
G73: =B73*G$68 -> 0
B74: Fringe Benefit Total | G74: =SUM(G72:G73) -> 0
B76: Other Direct Care Cost
B77: List of Other Direct Care Cost [If other direct care cost includes costs like travel, supplies, and consultant costs, complete the additional sections for these Other Direct Care costs. See *] | F77: Budget Impact Justification [Description of need to carry out the program's objectives/goals] | G77: Amount [Insert Amount]
G78: 0
G79: 0
G80: 0
G81: 0
G82: 0
G83: 0
G84: 0
G85: 0
G86: 0
G87: 0
G88: 0
B89: Other Direct Care Cost Total | G89: =SUM(G78:G88) -> 0
B90: *Local Travel
B91: Mileage Rate | C91: Number of Miles | D91: Name of Traveler(s) | E91: Position of Traveler(s) [Insert official position title] | F91: Travel Expenses/Budget Impact Justification [Lodging, parking, per diem, etc., and the impact of the travel on program objectives/goals] | G91: Amount [Insert Amount]
G92: =B92*C$92 -> 0
G93: =B93*C$92 -> 0
G94: =B94*C$92 -> 0
G95: =B95*C$92 -> 0
A96: « Unhide rows | G96: =B96*C$92 -> 0
G97: =B97*C$92 -> 0
G98: =B98*C$92 -> 0
G99: =B99*C$92 -> 0
G100: =B100*C$92 -> 0
B101: Local Travel Sub-Total | G101: =SUM(G92:G100) -> 0
B102: *Long Distance Travel (If Applicable). Note: No international travel is allowed under this grant.
B103: Type of Travel | D103: Name of Traveler(s) | E103: Position of Traveler(s) [Insert official position title] | F103: Travel Expenses/Budget Impact Justification [Lodging, parking, per diem, etc., and the impact of the travel on program objectives/goals] | G103: Amount [Insert Amount]
G104: 0
G105: 0
G106: 0
G107: 0
G108: 0
B114: Long Distance Travel Sub-Total | G114: =SUM(G104:G111) -> 0
B115: Travel Total | G115: =SUM(G101,G114) -> 0
B117: *Supplies [Supplies is defined as property with a unit cost under $10,000. Note: Items such as laptops, tablets, and desktop computers are classified as a supply if the value is under the $10,000 threshold.]
B118: List of Supplies | F118: Budget Impact Justification [Description of need to carry out the program's objectives/goals] | G118: Amount [Insert Amount]
B129: Supplies Total | G129: =SUM(G119:G128) -> 0
B131: *Contractual/Consultant
B132: Type of Contract | D132: Name of Contractor/Consultant | E132: Deliverables | F132: Budget Impact Justification [Description of how the contract impacts the program's objectives/goals and how the costs were estimated] | G132: Amount [Insert Amount]
A137: « Unhide rows
B141: Contracts Total | G141: =SUM(G133:G140) -> 0
B143: Other [List all costs that do not fit into any other category]
B144: List of Other | F144: Budget Impact Justification [Impact on the program's objectives/goals] | G144: Amount [Insert Amount]
A148: « Unhide rows
B155: Other Costs Total | G155: =SUM(G145:G154) -> 0
B157: Total Direct Care Cost
G158: =G68+G74+G89+G155 -> 0
B160: Indirect Cost
B161: Type of Indirect Cost [Select from dropdown list] | D161: Rate [Insert rate below/rate is capped at 10%] | E161: Insert Base | G161: Total Indirect [Formula Driven]
D162: 0 | E162: Explain | G162: =D162*G158 -> 0
B164: Administrative Cost [Subrecipient administrative activities include usual and recognized overhead activities, including established indirect rates for agencies.]
B165: List of Administrative Cost [Only if the subrecipient does not have an HHS Indirect Approved Rate] | F165: Budget Impact Justification [Description of need to carry out the program's objectives/goals] | G165: Amount [Insert Amount]
A166: « Unhide rows
B175: Total Administrative Cost | G175: =SUM(G166:G174) -> 0
B177: Total Indirect/Admin Charge
G178: =SUM(G162,G175) -> 0
B180: MAI - Other Professional Service-Legal Total
...

Sheet Medical Nutrition Therapy
B2: SUBRECIPIENT:
B3: MNT
B4: FISCAL YEAR: 2026
B6: Personnel/Direct Care Cost
B7: Salary [Insert total annual salary] | C7: FTE [Insert as decimal] | D7: Name [Insert name] | E7: Position [Insert official position title] | F7: Budget Impact Justification [Insert description of duties, impact on Ryan White Part A program goals and outcomes, payment source for balance of FTE] | G7: Amount [Cell is formula driven]
B8: 0 | C8: 0 | G8: =B8*C8 -> 0
G9: =B9*C9 -> 0
G10: =B10*C10 -> 0
A11: Unhidden Rows | G11: =B11*C11 -> 0
G12: =B12*C12 -> 0
G13: =B13*C13 -> 0
G14: =B14*C14 -> 0
G15: =B15*C15 -> 0
A16: Hidden Rows | G16: =B16*C16 -> 0
G17: =B17*C17 -> 0
G18: =B18*C18 -> 0
G19: =B19*C19 -> 0
G20: =B20*C20 -> 0
A21: Hidden Worksheet (tabs) | G21: =B21*C21 -> 0
G22: =B22*C22 -> 0
G23: =B23*C23 -> 0
G24: =B24*C24 -> 0
A25: Unhidden Worksheets (tabs) | G25: =B25*C25 -> 0
G26: =B26*C26 -> 0
G27: =B27*C27 -> 0
G28: =B28*C28 -> 0
G29: =B29*C29 -> 0
G30: =B30*C30 -> 0
G31: =B31*C31 -> 0
G32: =B32*C32 -> 0
G33: =B33*C33 -> 0
G34: =B34*C34 -> 0
G35: =B35*C35 -> 0
G36: =B36*C36 -> 0
G37: =B37*C37 -> 0
... G67: =B67*C67 -> 0
B68: Personnel Total | G68: =SUM(G8:G67) -> 0
B70: Fringe Benefits
B71: Percentage [Insert as %] | C71: Components [List components that comprise the fringe benefit rate] | G71: Amount [Cell is formula driven]
B72: 0 | G72: =B72*G$68 -> 0
G73: =B73*G$68 -> 0
B74: Fringe Benefit Total | G74: =SUM(G72:G73) -> 0
B76: Other Direct Care Cost
B77: List of Other Direct Care Cost [If other direct care cost includes costs like travel, supplies, and consultant costs, complete the additional sections for these Other Direct Care costs. See *] | F77: Budget Impact Justification [Description of need to carry out the program's objectives/goals] | G77: Amount [Insert Amount]
G78: 0
G79: 0
G80: 0
G81: 0
G82: 0
G83: 0
G84: 0
G85: 0
G86: 0
G87: 0
G88: 0
B89: Other Direct Care Cost Total | G89: =SUM(G78:G88) -> 0
B90: *Local Travel
B91: Mileage Rate | C91: Number of Miles | D91: Name of Traveler(s) | E91: Position of Traveler(s) [Insert official position title] | F91: Travel Expenses/Budget Impact Justification [Lodging, parking, per diem, etc., and the impact of the travel on program objectives/goals] | G91: Amount [Insert Amount]
G92: =B92*C$92 -> 0
G93: =B93*C$92 -> 0
G94: =B94*C$92 -> 0
G95: =B95*C$92 -> 0
A96: « Unhide rows | G96: =B96*C$92 -> 0
G97: =B97*C$92 -> 0
G98: =B98*C$92 -> 0
G99: =B99*C$92 -> 0
G100: =B100*C$92 -> 0
B101: Local Travel Sub-Total | G101: =SUM(G92:G100) -> 0
B102: *Long Distance Travel (If Applicable). Note: No international travel is allowed under this grant.
B103: Type of Travel | D103: Name of Traveler(s) | E103: Position of Traveler(s) [Insert official position title] | F103: Travel Expenses/Budget Impact Justification [Lodging, parking, per diem, etc., and the impact of the travel on program objectives/goals] | G103: Amount [Insert Amount]
G104: 0
G105: 0
G106: 0
G107: 0
G108: 0
B114: Long Distance Travel Sub-Total | G114: =SUM(G104:G111) -> 0
B115: Travel Total | G115: =SUM(G101,G114) -> 0
B117: *Supplies [Supplies is defined as property with a unit cost under $10,000. Note: Items such as laptops, tablets, and desktop computers are classified as a supply if the value is under the $10,000 threshold.]
B118: List of Supplies | F118: Budget Impact Justification [Description of need to carry out the program's objectives/goals] | G118: Amount [Insert Amount]
B129: Supplies Total | G129: =SUM(G119:G128) -> 0
B131: *Contractual/Consultant
B132: Type of Contract | D132: Name of Contractor/Consultant | E132: Deliverables | F132: Budget Impact Justification [Description of how the contract impacts the program's objectives/goals and how the costs were estimated] | G132: Amount [Insert Amount]
A137: « Unhide rows
B141: Contracts Total | G141: =SUM(G133:G140) -> 0
B143: Other [List all costs that do not fit into any other category]
B144: List of Other | F144: Budget Impact Justification [Impact on the program's objectives/goals] | G144: Amount [Insert Amount]
A148: « Unhide rows
B155: Other Costs Total | G155: =SUM(G145:G154) -> 0
B157: Total Direct Care Cost
G158: =G68+G74+G89+G155 -> 0
B160: Indirect Cost
B161: Type of Indirect Cost [Select from dropdown list] | D161: Rate [Insert rate below/rate is capped at 10%] | E161: Insert Base | G161: Total Indirect [Formula Driven]
D162: 0 | E162: Explain | G162: =D162*G158 -> 0
B164: Administrative Cost [Subrecipient administrative activities include usual and recognized overhead activities, including established indirect rates for agencies.]
B165: List of Administrative Cost [Only if the subrecipient does not have an HHS Indirect Approved Rate] | F165: Budget Impact Justification [Description of need to carry out the program's objectives/goals] | G165: Amount [Insert Amount]
A166: « Unhide rows
B175: Total Administrative Cost | G175: =SUM(G166:G174) -> 0
B177: Total Indirect/Admin Charge
G178: =SUM(G162,G175) -> 0
B180: Medical Nutrition Therapy Service Total
...
